 Dungeon Crawl Stone Soup version 0.28-a0-1493-g08698888e4 (webtiles) character file.

Game seed: 5746836248507950712

2536 testman the Fighter (level 9, -4/101 HPs)
             Began as an Ogre Hunter on Jan 12, 2022.
             Was a Priest of the Shining One.
             Slain by a killer bee (7 damage)
             ... on level 8 of the Dungeon.
             The game lasted 00:33:30 (9189 turns).

testman the Fighter (Ogre Hunter)                   Turns: 9189, Time: 00:33:31

Health: -4/101     AC:  4    Str: 20    XL:     9   Next: 55%
Magic:  10/10      EV:  9    Int: 14    God:    the Shining One [***...]
Gold:   369        SH:  0    Dex:  9    Spells: 9/10 levels left

rFire   . . .      SeeInvis .   o - +0 giant club
rCold   . . .      Faith    .   (shield currently unavailable)
rNeg    + . .      Spirit   .   b - +0 robe
rPois   .          Reflect  .   (helmet restricted)
rElec   .          Harm     .   h - +0 cloak
rCorr   .          Rampage  .   (gloves unavailable)
Will    .....                   (boots unavailable)
Stlth   +.........              a - amulet of magic regeneration
HPRegen 0.26/turn               (no ring)
MPRegen 0.52/turn               (no ring)

@: lethally poisoned (-4 -> -9), hasted, glowing, very quick
A: large, unfitting armour, tough skin 1
a: Renounce Religion, Divine Shield, Cleansing Flame


You were on level 8 of the Dungeon.
You worshipped the Shining One.
The Shining One was most pleased with you.
You visited 1 branch of the dungeon, and saw 9 of its levels.

You collected 369 gold pieces.

Inventory:

Hand Weapons
 o - a +0 giant club (weapon)
Missiles
 c - 3 large rocks (quivered)
 d - 2 throwing nets
 e - 13 poisoned darts
 g - 253 stones
 u - 11 boomerangs
Armour
 b - a +0 robe (worn)
 h - a +0 cloak (worn)
Jewellery
 a - an amulet of magic regeneration (around neck)
 C - a ring of wizardry
Wands
 n - a wand of iceblast (9)
 v - a wand of paralysis (8)
 B - a wand of acid (7)
Scrolls
 k - 2 scrolls of teleportation {unknown}
 l - 3 scrolls of noise {unknown}
 m - 2 scrolls of fog {unknown}
 r - 2 scrolls of enchant armour {unknown}
 s - a scroll of enchant weapon {unknown}
 t - 2 scrolls of brand weapon {unknown}
 x - a scroll of magic mapping {unknown}
 y - a scroll of holy word {unknown}
 A - a scroll of fear {unknown}
Potions
 f - a potion of magic
 p - a potion of lignification
 w - a potion of brilliance {unknown}
 z - 2 potions of berserk rage


   Skills:
 + Level 10.1 Fighting
 + Level 6.4 Maces & Flails
 - Level 4.0 Throwing
 - Level 1.7 Dodging
 - Level 0.6 Stealth
 - Level 1.0 Spellcasting
 + Level 6.1 Summonings
 - Level 1.7 Invocations


You had 9 spell levels left.
You knew the following spells:

 Your Spells              Type           Power      Damage    Failure   Level
a - Summon Small Mammal   Summ           72%        N/A       1%          1

Your spell library contained the following spells:

 Spells                   Type           Power      Damage    Failure   Level
 Call Canine Familiar     Summ           18%        N/A       6%          3
 Summon Guardian Golem    Hex/Summ       9%         N/A       22%         3
 Animate Skeleton         Necr           0%         N/A       26%         1
 Apportation              Tloc           0%         N/A       26%         1
 Magic Dart               Conj           0%         1d3       26%         1
 Searing Ray              Conj           0%         2d4       36%         2
 Fulminant Prism          Conj/Hex       0%         3d6       95%         4


Dungeon Overview and Level Annotations

Branches:
Dungeon (9/15)             Temple (0/1) D:4            Lair (0/6) D:8
    Orc: D:9-12

Altars:
Cheibriados
Elyvilon
Fedhas
Gozag
Kikubaaqudgha
Makhleb
Uskayaw
Zin
The Shining One

Shops:
D:7 :

Annotations:
D:5 1 runed translucent door, MadeInAbyssDelver's ghost, weakling HuDe


Innate Abilities, Weirdness & Mutations

You are too large for most types of armour.
You have tough skin. (AC +1)


Message History

* * * LOW HITPOINT WARNING * * *
You closely miss the killer bee.
The killer bee is severely wounded.
The killer bee stings you but does no damage.
Your quokka closely misses the killer bee.
The killer bee stings you but does no damage.
Your quokka bites the killer bee.
You closely miss the killer bee.
The killer bee is almost dead.
You feel less wooden.
Your +0 cloak unmelds from your body.
Your +0 robe unmelds from your body.
The killer bee stings you but does no damage.
The killer bee barely misses you.
Your quokka completely misses the killer bee.
The killer bee closely misses you.
You closely miss the killer bee.
The killer bee is almost dead.
The killer bee stings you but does no damage.
Your quokka closely misses the killer bee.
The killer bee stings you.
* * * LOW HITPOINT WARNING * * *
Your quokka barely misses the killer bee.
The killer bee stings you.
* * * LOW HITPOINT WARNING * * *
Okay, then.
Press: ? - help, v - describe, . - travel
Here: a killer bee (almost dead, covered in acid, ally target, haloed)
The floor.
You closely miss the killer bee.
The killer bee is almost dead.
The killer bee closely misses you.
Your quokka completely misses the killer bee.
The killer bee stings you. The Shining One protects you from harm!
You are lethally poisoned!
The killer bee poisons you!
It was a potion of haste.
You feel yourself speed up.
* * * LOW HITPOINT WARNING * * *
You feel sick. The killer bee stings you!
You die...

..........##.#...###.............
....#........#._.##....(.........
...##........#...##..............
######.......####+#..............
#..[........................
##..............#...........
###.......r....#...........
#........#.y..........##...
##...##..#@...##..........#
######.......#.......#....
#.....###.........###..
#>##..##............#..
####...#.........#.###.
##..........###...##
#........#..####..##
#.......##...##.....
##..........).#..#..


You could see a killer bee (corroded, ally target) and a friendly quokka
(summoned).

Vanquished Creatures
  A water moccasin (D:6)
  An ice beast (D:5)
  2 orc warriors
  An ogre (D:6)
  2 necrophages (D:5)
  3 centaurs
  5 bullfrogs
  A scorpion (D:5)
  2 killer bees (D:8)
  3 howler monkeys (D:8)
  A bullfrog zombie (D:7)
  A centaur zombie (D:7)
  A jelly (D:7)
  An orc priest (D:7)
  4 hounds
  A bullfrog skeleton (D:6)
  A centaur skeleton (D:7)
  3 iguanas
  Ijyb (D:5)
  10 orc wizards
  A hound skeleton (D:4)
  3 gnolls
  A howler monkey skeleton (D:7)
  9 adders
  5 white imps
  An ufetubus (D:6)
  2 worms
  3 dart slugs
  24 orcs
  3 bats
  8 endoplasms
  2 giant cockroaches
  5 hobgoblins
  A quokka (D:2)
  5 ball pythons
  5 frilled lizards
  7 goblins
  7 kobolds
  3 rats
140 creatures vanquished.

Vanquished Creatures (collateral kills)
  A gnoll sergeant (D:7)
  A killer bee (D:8)
  A jelly (D:7)
3 creatures vanquished.

Grand Total: 143 creatures vanquished

Notes
Turn   | Place    | Note
-------+----------+-------------------------------------------
     0 | D:1      | testman the Ogre Hunter began the quest for the Orb.
     0 | D:1      | Reached XP level 1. HP: 22/22 MP: 1/1
    86 | D:1      | Reached skill level 3 in Fighting
   306 | D:1      | Found a faded altar of an unknown god.
   313 | D:1      | Reached XP level 2. HP: 29/31 MP: 2/2
   323 | D:1      | Prayed at the altar of an unknown god.
   323 | D:1      | Became a worshipper of the Shining One
   323 | D:1      | Reached * piety under the Shining One
   988 | D:2      | Reached skill level 4 in Fighting
   988 | D:2      | Reached skill level 1 in Invocations
   988 | D:2      | Reached XP level 3. HP: 8/39 MP: 3/3
  1307 | D:2      | Reached skill level 1 in Maces & Flails
  1634 | D:2      | Found a blossoming altar of Fedhas.
  1853 | D:3      | Reached XP level 4. HP: 11/49 MP: 5/5
  2128 | D:3      | Learned a level 1 spell: Summon Small Mammal
  2512 | D:4      | Noticed a centaur
  2526 | D:4      | Killed a centaur
  2527 | D:4      | Reached skill level 5 in Fighting
  2527 | D:4      | Reached skill level 1 in Spellcasting
  2527 | D:4      | Reached skill level 1 in Summonings
  2527 | D:4      | Reached XP level 5. HP: 27/57 MP: 6/6
  2987 | D:4      | Found a staircase to the Ecumenical Temple.
  3096 | D:4      | You fall into a shaft and drop 2 floors!
  3109 | D:6      | HP: 2/57 [iguana (2)]
  3109 | D:6      | The Shining One protects you from harm!
  3120 | D:6      | Reached XP level 6. HP: 4/66 MP: 4/7
  3458 | D:6      | Noticed a water moccasin
  3464 | D:6      | Killed a water moccasin
  3465 | D:6      | Reached skill level 6 in Fighting
  3693 | D:6      | Reached XP level 7. HP: 39/76 MP: 8/8
  3859 | D:5      | Entered Level 5 of the Dungeon
  3872 | D:5      | Found a glowing silver altar of Zin.
  3899 | D:4      | Reached ** piety under the Shining One
  4460 | D:4      | Found an opulent altar of Gozag.
  4463 | D:4      | Found a white marble altar of Elyvilon.
  5003 | D:5      | Noticed Ijyb
  5014 | D:5      | Killed Ijyb
  5015 | D:5      | Reached skill level 7 in Fighting
  5089 | D:5      | Found a hide-covered altar of Uskayaw.
  5121 | D:5      | Reached XP level 8. HP: 85/87 MP: 9/9
  5450 | D:5      | Found a snail-covered altar of Cheibriados.
  5454 | D:5      | Found a runed translucent door.
  5455 | D:5      | Noticed MadeInAbyssDelver's ghost (weakling HuDe)
  5456 | D:5      | Noticed a troll
  5473 | D:5      | Reached skill level 8 in Fighting
  5628 | D:5      | Reached skill level 5 in Maces & Flails
  6475 | D:7      | Found Busyul's Self-Improvement Boutique.
  6484 | D:7      | Reached skill level 5 in Summonings
  6742 | D:7      | Reached skill level 9 in Fighting
  6751 | D:7      | Reached XP level 9. HP: 11/98 MP: 10/10
  6752 | D:7      | HP: 4/98 [gnoll (4)]
  7597 | D:7      | Reached *** piety under the Shining One
  8235 | D:8      | Found a staircase to the Lair.
  8383 | D:8      | Found a blossoming altar of Fedhas.
  8443 | D:8      | Reached skill level 10 in Fighting
  8799 | D:8      | Found an ancient bone altar of Kikubaaqudgha.
  8871 | D:8      | Found a burning altar of Makhleb.
  9187 | D:8      | HP: 5/101 [killer bee (2)]
  9188 | D:8      | The Shining One protects you from harm!
  9189 | D:8      | Slain by a killer bee

Illustrated notes

Levels and vault maps discovered:
D:1:      zelgadis_glass_arrival_small, layout_basic,
          ebering_ecumenical_altar_mist
D:2:      layout_basic, basic_altar
D:3:      layout_basic
D:4:      layout_basic, nicolae_overflow_squiral,
          minmay_temple_entry_statues_fountains
D:5:      layout_loops_ring, nicolae_overflow_hidden_temple,
          lemuel_doored_altar, zin_academy, ebering_ghost_inner_flame, uniq_ijyb
D:6:      minmay_flawed_box, layout_rooms
D:7:      layout_basic, minivault_1, roderic_roman_lattice,
          nicolae_shop_self_help
D:8:      layout_cave_pools, mainiacjoe_overflow_divided_tiny,
          lemuel_coloured_pillars_altar, lair_entry_dummy
D:9:      cheibrodos_two_vegetables, layout_loops_cross, amcnicky_altar_gilded,
          mainiacjoe_overflow_catwalk, orc_david_3

Skill      XL: |  1  2  3  4  5  6  7  8  9 |
---------------+----------------------------+-----
Fighting       | 3 4 5 6 7 9 10 | 10.1
Invocations    | 1 |  1.7
Maces & Flails | 1 2 3 4 5 6 |  6.4
Spellcasting   | 1 |  1.0
Summonings     | 1 2 3 5 6 |  6.1
Throwing       | |  4.0
Dodging        | |  1.7
Stealth        | |  0.6

Action                   |  1- 3 |  4- 6 |  7- 9 || total
-------------------------+-------+-------+-------++-------
Melee: Whip              |   119 |       |       ||   119
       Flail             |     7 |    84 |       ||    91
       Punch             |     3 |     3 |       ||     6
       Giant club        |       |       |   194 ||   194
Throw: Large rock        |       |    15 |    23 ||    38
 Cast: Summon Small Mamm |       |       |    21 ||    21
Invok: Divine Shield     |       |     1 |       ||     1
Evoke: Wand              |       |       |     1 ||     1
  Use: Potion            |       |       |     4 ||     4
       Scroll            |       |       |     3 ||     3
Armor: Robe              |    41 |    33 |    75 ||   149
       Skin              |       |       |    79 ||    79
Dodge: Dodged            |    64 |    41 |   138 ||   243

Table legend: (Time is in decaauts)
 A = Elapsed time spent in this place.
 B = Non-inter-level travel time spent in this place.
 C = Inter-level travel time spent in this place.
 D = Time resting spent in this place.
 E = Time spent auto-exploring this place.
 F = Levels seen in this place.
 G = Mean time per level.
                   A        B        C        D        E       F      G
               +--------+--------+--------+--------+--------+-----+--------+
         Total |   9325 |   9127 |    198 |   3405 |   4400 |   9 | 1036.1 |
       Dungeon |   9325 |   9127 |    198 |   3405 |   4400 |   9 | 1036.1 |
               +--------+--------+--------+--------+--------+-----+--------+

Top non-repeatable levels by time:
     D:6: 1733 daAuts
     D:4: 1616 daAuts
     D:5: 1327 daAuts
     D:8: 1212 daAuts
     D:1: 972 daAuts
     D:7: 933 daAuts
     D:2: 812 daAuts
     D:3: 714 daAuts
     D:9: 4 daAuts
